 Dungeon Crawl Stone Soup version 0.30.1-11-g7821555f0a (webtiles) character file.

Game seed: 13452798255226704003

8459 lonewolfV2 the Blocker (level 11, -6/89 HPs)
             Began as a Formicid Fighter on Nov 15, 2023.
             Was a Priest of Qazlal.
             Mangled by a boulder beetle (17 damage)
             ... on level 11 of the Dungeon.
             The game lasted 00:17:46 (11786 turns).

lonewolfV2 the Blocker (Formicid Fighter)          Turns: 11786, Time: 00:17:47

Health: -6/89      AC: 22    Str: 30    XL:     11   Next: 56%
Magic:  17/17      EV:  7    Int:  9    God:    Qazlal [***...]
Gold:   726        SH: 11    Dex: 13    Spells: 10/10 levels left

rFire   . . .        a - +0 war axe (protect)
rCold   . . .        c - +0 buckler
rNeg    . . .        y - +1 plate armour
rPois   .            (helmet unavailable)
rElec   .            (no cloak)
rCorr   .            (no gloves)
SInv    +            (no boots)
Will    ++...        n - amulet of faith Stlth
                     i - ring of willpower
HPRegen 0.34/turn    j - +6 ring of strength
MPRegen 0.15/turn

%: faith
@: mighty, under a protective aura
A: permanent stasis, dig shafts and tunnels, antennae 3, four strong arms
a: Dig, Shaft Self, Renounce Religion, Upheaval, Elemental Force


You were on level 11 of the Dungeon.
You worshipped Qazlal.
Qazlal was most pleased with you.
You visited 2 branches of the dungeon, and saw 12 of its levels.
You also visited: Sewer.

You collected 726 gold pieces.

Inventory:

Hand Weapons
 a - a +0 war axe of protection (weapon)
Missiles
 k - 2 throwing nets
Armour
 c - a +0 buckler (worn)
 y - a +1 plate armour (worn)
Jewellery
 e - a ring of fire
 i - a ring of willpower (left hand)
 j - a +6 ring of strength (right hand)
 n - an amulet of faith (around neck)
Wands
 m - a wand of charming (5)
 q - a wand of acid (10)
 r - a wand of digging (5)
 u - a wand of roots (10)
 B - a wand of polymorph (8)
 D - a wand of flame (8)
Scrolls
 g - a scroll of magic mapping
 h - 6 scrolls of teleportation
Potions
 b - 2 potions of magic
 l - 3 potions of haste
 o - 2 potions of lignification
 p - a potion of brilliance
 s - a potion of mutation
 t - 2 potions of berserk rage
 v - 2 potions of degeneration
 x - a potion of attraction
 A - 2 potions of resistance


   Skills:
 - Level 9.0 Fighting
 + Level 9.0 Axes
 - Level 9.0 Armour
 - Level 10.0 Shields
 * Level 9.2 Invocations


You had 10 spell levels left.
You didn't know any spells.
Your spell library contained the following spells:

 Spells                   Type           Power      Damage    Failure   Level
 Apportation              Tloc           0%         N/A       98%         1
 Necrotise                Necr           0%         1d4       98%         1
 Summon Small Mammal      Summ           0%         N/A       98%         1
 Static Discharge         Conj/Air       0%         2-2/arc   99%         2
 Hailstorm                Conj/Ice       0%         3d3       100%        3
 Ozocubu's Armour         Ice            0%         N/A       100%        3
 Summon Guardian Golem    Hex/Summ       0%         N/A       100%        3
 Volatile Blastmotes      Fire/Tloc      0%         2d10      100%        3
 Airstrike                Air            0%         2d(0-16)  100%        4
 Fulminant Prism          Conj/Hex       0%         3d5       100%        4
 Ice Form                 Ice/Tmut       0%         N/A       100%        4
 Iskenderun's Mystic Bla  Conj/Tloc      0%         2d3       100%        4
 Summon Lightning Spire   Summ/Air       0%         N/A       100%        4
 Lee's Rapid Deconstruct  Erth           0%         3d4*      100%        5
 Metabolic Englaciation   Hex/Ice        0%         N/A       100%        5
 Simulacrum               Ice/Necr       0%         N/A       100%        6
 Orb of Destruction       Conj           0%         9d5       100%        7
 Spellforged Servitor     Conj/Summ      0%         N/A       100%        7


Dungeon Overview and Level Annotations

Branches:
Dungeon (11/15)            Temple (1/1) D:4            Lair (0/5) D:8
    Orc (0/2) D:10          Sewer (visited)

Altars:
Cheibriados
Dithmenos
Elyvilon
Fedhas
Gozag
Hepliaklqana
Kikubaaqudgha
Makhleb
Nemelex Xobeh
Okawaru
Qazlal
Ru
Trog
Uskayaw
Wu Jian
Xom
Yredelemnul
Zin

Shops:
D:5 *   D:7 *   D:10 (?

Annotations:
D:4 1 runed translucent door, Chadd's ghost, amateur HOMo


Innate Abilities, Weirdness & Mutations

You cannot be hasted, slowed, berserked, paralysed or teleported.
You can dig through walls and to a lower floor.
You have a pair of large antennae on your head. (SInv)
Your four strong arms can wield two-handed weapons with a shield.


Message History

Qazlal accepts your kill.
You slash the centaur! The centaur hits you.
* * * LOW HITPOINT WARNING * * *
The centaur kicks you but does no damage.
You block the centaur's attack.
The centaur kicks you but does no damage.
Found a leather armour.
You block the centaur's attack.
The centaur kicks you but does no damage.
You see here a +0 shortbow.
You slice the centaur!!
You kill the centaur!
Qazlal accepts your kill.
The boulder beetle curls into a ball and begins rolling!
You see here a +0 shortbow.
You hit the boulder beetle but do no damage.
The boulder beetle is lightly wounded.
You block the boulder beetle's attack.
The boulder beetle stops rolling and uncurls.
You barely miss the boulder beetle.
The boulder beetle is lightly wounded.
You block the boulder beetle's attack.
You hit the boulder beetle.
The boulder beetle is lightly wounded.
The boulder beetle bites you!
* * * LOW HITPOINT WARNING * * *
You barely miss the boulder beetle.
The boulder beetle is lightly wounded.
The boulder beetle bites you.
* * * LOW HITPOINT WARNING * * *
Aiming: Fastroot
Press: ? - help, Q - select action, (/) - cycle Shift-Dir - straight line The roots erupt in riotous growth!
Roots grab the boulder beetle.
The grasping roots constrict the boulder beetle, but do no damage.
The boulder beetle closely misses you.
You slash the boulder beetle!
The boulder beetle is lightly wounded.
The grasping roots constrict the boulder beetle.
The boulder beetle bites you!
You die...

## ### # #.
###.#########.##
#.########...............
#..#.......#.........#.#
#....#.....#.††.)).....#
#.#.............B#○.##.#
#......###.###.#@#...#
####.#.#.#.#...#.#..... .
#.#.......#...#...#.#
#.#.###.#.#.........B ..
##.#.#...#.........#... .
#..........#.#.#.#...[..
...#.#.###.#.#.#....
#....#.# #.#...#....
###..#.# #..<.......


You could see a boulder beetle (rooted).

Vanquished Creatures
  A boulder beetle (D:11)
  A two-headed ogre (D:9)
  Pikel (D:6)
  A komodo dragon (D:8)
  2 kobold demonologists (D:9)
  A hornet (D:8)
  2 trolls
  3 yaks (D:9)
  A wyvern (D:9)
  Menkaure (D:6)
  A steam dragon (D:7)
  2 vampire mosquitoes (D:11)
  An acid dragon (D:10)
  3 water moccasins
  Pargi (Sewer)
  3 orc warriors (D:10)
  An ice beast (D:8)
  A sky beast (D:8)
  5 ogres
  5 centaurs
  A lemure (D:6)
  A kobold brigand (D:9)
  4 bullfrogs
  3 necrophages (D:7)
  A gnoll sergeant (D:9)
  2 scorpions
  10 wights
  7 howler monkeys
  A bullfrog zombie (D:7)
  A jelly (D:4)
  A centaur zombie (D:7)
  7 hounds
  2 orc priests
  2 sleepcaps
  5 iguanas
  7 orc wizards
  A killer bee zombie (D:7)
  A howler monkey zombie (D:7)
  9 gnolls
  11 adders
  A shadow imp (D:6)
  A white imp (D:5)
  An ufetubus (D:5)
  2 worms
  A dart slug (D:1)
  19 orcs
  10 endoplasms
  10 giant cockroaches
  4 goblins
  8 hobgoblins
  11 kobolds
  8 quokkas
  7 ball pythons
  7 bats
  4 frilled lizards
  7 rats
215 creatures vanquished.

Notes
Turn   | Place    | Note
-------+----------+-------------------------------------------
     0 | D:1      | lonewolfV2 the Formicid Fighter began the quest for the
                  | Orb.
     0 | D:1      | Reached XP level 1. HP: 18/18 MP: 1/1
   153 | D:1      | Reached XP level 2. HP: 24/24 MP: 2/2
   419 | D:1      | Reached XP level 3. HP: 30/30 MP: 3/3
  1121 | D:2      | Reached XP level 4. HP: 37/37 MP: 4/4
  1664 | D:3      | Reached XP level 5. HP: 14/43 MP: 5/5
  1801 | D:3      | Reached skill level 5 in Fighting
  2367 | D:4      | Found a staircase to the Ecumenical Temple.
  2416 | Temple   | Entered the Ecumenical Temple
  2515 | Temple   | Became a worshipper of Qazlal Stormbringer
  2687 | D:4      | Found a runed translucent door.
  2692 | D:4      | Found an iron altar of Okawaru.
  2702 | D:4      | Reached XP level 6. HP: 50/51 MP: 6/6
  2844 | D:4      | Noticed Chadd's ghost (amateur HOMo)
  3103 | D:5      | Entered Level 5 of the Dungeon
  3292 | D:5      | Found Rodou's Serpentskin Sales.
  3292 | D:5      | Noticed a water moccasin
  3299 | D:5      | Reached skill level 5 in Axes
  3307 | D:5      | Killed a water moccasin
  3308 | D:5      | Reached XP level 7. HP: 45/59 MP: 7/7
  3422 | D:5      | Reached * piety under Qazlal
  3507 | D:5      | Found a glowing drain.
  3511 | Sewer    | Entered a sewer
  3554 | Sewer    | Noticed Pargi
  3587 | Sewer    | Killed Pargi
  3994 | D:5      | Noticed a water moccasin
  3997 | D:5      | Found an ornate altar of the Wu Jian Council.
  4005 | D:5      | Killed a water moccasin
  4006 | D:5      | Reached XP level 8. HP: 32/67 MP: 8/8
  5005 | D:6      | Noticed Pikel
  5021 | D:6      | Killed Pikel
  5022 | D:6      | Reached XP level 9. HP: 53/75 MP: 9/9
  5284 | D:6      | Noticed Menkaure
  5295 | D:6      | Killed Menkaure
  5332 | D:6      | Found a sacrificial altar of Ru.
  5348 | D:6      | Reached skill level 5 in Shields
  5417 | D:6      | Reached ** piety under Qazlal
  5418 | D:6      | Reached skill level 5 in Armour
  5973 | D:7      | Reached skill level 6 in Shields
  6296 | D:7      | Found a blossoming altar of Fedhas.
  6309 | D:7      | Found Ceurphemn's General Store.
  6401 | D:7      | Reached XP level 10. HP: 44/82 MP: 10/10
  6695 | D:7      | Reached skill level 7 in Shields
  7103 | D:8      | Found a staircase to the Lair.
  7104 | D:8      | Noticed a komodo dragon
  7132 | D:8      | Killed a komodo dragon
  7133 | D:8      | Reached skill level 8 in Shields
  7880 | D:8      | Found a bloodstained altar of Trog.
  7887 | D:8      | Reached skill level 1 in Invocations
  7895 | D:8      | Reached *** piety under Qazlal
  7896 | D:8      | Reached skill level 9 in Shields
  9006 | D:9      | Noticed a kobold demonologist
  9006 | D:9      | Noticed a kobold demonologist
  9014 | D:9      | Noticed an orange demon
  9019 | D:9      | Noticed a rust devil
  9020 | D:9      | Killed a kobold demonologist
  9024 | D:9      | Killed a kobold demonologist
  9030 | D:9      | Reached skill level 5 in Invocations
  9337 | D:9      | Reached XP level 11. HP: 76/87 MP: 13/15
  9352 | D:9      | Reached skill level 10 in Shields
  9398 | D:9      | Noticed a two-headed ogre
  9412 | D:9      | Killed a two-headed ogre
 10133 | D:10     | Entered Level 10 of the Dungeon
 10553 | D:10     | Found Areataurgh's Weapon Shoppe.
 10553 | D:10     | Found a staircase to the Orcish Mines.
 10697 | D:10     | Found Jiusauwk's Magic Scroll Emporium.
 11650 | D:11     | Noticed a boulder beetle
 11752 | D:11     | Killed a boulder beetle
 11766 | D:11     | Noticed a boulder beetle
 11786 | D:11     | Mangled by a boulder beetle

Illustrated notes

Levels and vault maps discovered:
D:1:      heliophobic_arrival_glass_houses, layout_basic
D:2:      layout_basic
D:3:      layout_basic, minmay_quantized
D:4:      layout_loops_ring, okawaru_gym_becter, minmay_temple_entry_arrows,
          ebering_ghost_sewer_d, hangedman_decor_points
D:5:      cheibrodos_iron_armory, layout_basic, old_standard_altar,
          gup_sewer_entry_spiral, minmay_misc_feat_nine_boxes,
          guppyfry_shop_venom
D:6:      layout_rooms, overflow_temple_1_default, uniq_pikel, uniq_menkaure
D:7:      layout_cave_pools, fedhas_altar_decomposition,
          chequers_ossuary_entry_cave, serial_shops, shop_fountains,
          minivault_23
D:8:      layout_basic, trog_antimagical, david_lair_shrubbed, item_on_display_a
D:9:      layout_roguey
D:10:     layout_layer_cave, orc_david_3, serial_shops, shop
D:11:     layout_basic
Temple:   minmay_crystal_spiral_temple

Skill      XL: |  1  2  3  4  5  6  7  8  9 10 11 |
---------------+----------------------------------+-----
Fighting       | 4 5 6 7 8 9 |  9.0
Axes           | 3 4 5 6 8 9 |  9.0
Armour         | 7 9 |  9.0
Shields        | 6 9 10 | 10.0
Invocations    | 5 9 |  9.2

Action                     |  1- 3 |  4- 6 |  7- 9 | 10-12 || total
---------------------------+-------+-------+-------+-------++-------
  Melee: War axe           |    79 |   170 |   229 |   326 ||   804
Ability: Dig               |     1 |       |       |       ||     1
  Evoke: Wand              |       |       |       |     4 ||     4
    Use: Scroll            |     3 |     8 |     4 |     8 ||    23
         Potion            |       |       |     1 |     4 ||     5
 Armour: Scale mail        |    43 |       |       |       ||    43
         Chain mail        |       |   149 |   189 |    21 ||   359
         Plate armour      |       |       |       |   142 ||   142
  Dodge: Dodged            |    31 |    74 |   129 |    79 ||   313
  Block: Buckler           |    28 |    46 |   124 |   193 ||   391
